 Dungeon Crawl Stone Soup version 0.21.1-1-g345015f (webtiles) character file.

85 empire the Shield-Bearer (level 4, -6/40 HPs)
             Began as a Minotaur Fighter on June 13, 2018.
             Mangled by an ogre
             ... wielding a +0 giant club
              (27 damage)
             ... on level 3 of the Dungeon.
             The game lasted 00:03:47 (1723 turns).

empire the Shield-Bearer (Minotaur Fighter)         Turns: 1723, Time: 00:03:47

Health: -6/40      AC:  8    Str: 21    XL:     4   Next: 25%
Magic:  3/3        EV:  8    Int:  5    God:
Gold:   140        SH:  9    Dex: 10    Spells: 3/3 levels left

rFire    . . .     SeeInvis .   a - +0 long sword
rCold    . . .     Gourm    .   c - +0 shield
rNeg     . . .     Faith    .   b - +0 scale mail
rPois    .         Spirit   .   (helmet restricted)
rElec    .         Reflect  .   h - +0 cloak
rCorr    .         Harm     .   (no gloves)
MR       .....                  (no boots)
Stlth    +.........             e - amulet of regeneration
HPRegen  0.53/turn              n - ring of stealth
MPRegen  0.08/turn              (no ring)

@: no status effects
A: retaliatory headbutt, horns 2
a: no special abilities


You were on level 3 of the Dungeon.
You were not hungry.

You visited 1 branch of the dungeon, and saw 3 of its levels.

You collected 140 gold pieces.

Inventory:

Hand Weapons
 a - a +0 long sword (weapon)
Armour
 b - a +0 scale mail (worn)
 c - a +0 shield (worn)
 h - a +0 cloak (worn)
Jewellery
 e - an amulet of regeneration (around neck)
 n - a ring of stealth (left hand)
Scrolls
 g - 4 scrolls of identify {unknown}
 j - 2 scrolls of teleportation {unknown}
 k - 2 scrolls of remove curse {unknown}
 l - 2 scrolls of immolation {unknown}
 m - a scroll of random uselessness {unknown}
 o - a scroll of noise {unknown}
Potions
 d - a potion of might
 i - a potion of curing {unknown}
Comestibles
 f - 9 rations


   Skills:
 - Level 4.0 Fighting
 + Level 4.0 Long Blades
 - Level 4.0 Armour
 + Level 2.0 Dodging
 - Level 4.0 Shields


You had 3 spell levels left.
You didn't know any spells.

Dungeon Overview and Level Annotations

Branches:
Dungeon (3/15)

Altars:


Innate Abilities, Weirdness & Mutations

You reflexively headbutt those who attack you in melee.
You have a pair of horns on your head.


Message History

Your shield and scale mail prevent you from hitting the hobgoblin.
The hobgoblin hits you.
You hit the hobgoblin.
You kill the hobgoblin!
You see here a hobgoblin corpse.
You see here a hobgoblin corpse.
You butcher the hobgoblin corpse.
p - a chunk of flesh Eating a chunk of flesh.
You eat the chunk of flesh.
This raw flesh tastes terrible.
Found 24 stones.
An ogre comes into view. It is wielding a giant club.
An ogre is nearby!
You barely miss the ogre. The ogre hits you with a giant club!!
Ouch! That really hurt!
You hit the ogre.
The ogre is lightly wounded.
The ogre hits you with a giant club!!
Ouch! That really hurt!
You die...

#.# #.###.# #.#
#.....# #.#
#..######### #.#
#..<........
..###............
..................
######............
..####..#######O###
........#
#.....@.#####.#
#.#####.#
#...........(.# #.#
#.# #.......#######
#.#####.###.......#
#.#...............#
#.#.###...........#
#.#.# #.....#######
#.#.# ####### #.#.#


You could see an ogre.

Vanquished Creatures
  3 adders (D:2)
  4 dart slugs
  A leopard gecko (D:2)
  2 giant cockroaches
  4 goblins
  6 hobgoblins
  9 jackals
  5 kobolds
  A quokka (D:2)
  5 bats
  4 frilled lizards
  4 rats
48 creatures vanquished.

Notes
Turn   | Place    | Note
-------+----------+-------------------------------------------
     0 | D:1      | empire the Minotaur Fighter began the quest for the Orb.
     0 | D:1      | Reached XP level 1. HP: 19/19 MP: 0/0
    71 | D:1      | Reached XP level 2. HP: 22/27 MP: 1/1
   799 | D:2      | Reached XP level 3. HP: 24/33 MP: 2/2
   975 | D:2      | Reached skill level 1 in Dodging
  1313 | D:2      | Reached XP level 4. HP: 33/40 MP: 3/3
  1720 | D:3      | Noticed an ogre
  1723 | D:3      | Mangled by an ogre

Skill      XL: |  1  2  3  4 |
---------------+-------------+-----
Shields        | 4 |  4.0
Fighting       | 4 |  4.0
Armour         | 4 |  4.0
Long Blades    | 3 4 |  4.0
Dodging        | 1 2 |  2.0

Action                   |  1- 3 |  4- 6 || total
-------------------------+-------+-------++-------
Melee: Long sword        |    98 |    17 ||   115
       Headbutt          |    14 |     2 ||    16
  Eat: Chunk             |     1 |     2 ||     3
Armor: Scale mail        |    72 |    13 ||    85
Dodge: Dodged            |    36 |     5 ||    41
Block: Shield            |    76 |     9 ||    85
       Rpst.: Long sword |     8 |     2 ||    10
